 Dungeon Sprint DCSS version 0.20-a0-16-g0876c8e (webtiles) character file.

64 poirepourri the Twirler (level 3, -5/33 HPs)
             Began as a Minotaur Gladiator on Nov 3, 2016.
             Slain by a water elemental (15 damage)
             ... in the Dungeon (Sprint III: "The Ten Rune Challenge").
             The game lasted 00:00:39 (331 turns).

poirepourri the Twirler (Minotaur Gladiator)         Turns: 331, Time: 00:00:40

Health: -5/33      AC:  3    Str: 19    XL:     3   Next: 91%
Magic:  2/2        EV: 14    Int:  5    God:
Gold:   14         SH:  0    Dex: 11    Spells: 0 memorised, 2 levels left

rFire  . . .     SeeInvis .     a - +0 quarterstaff
rCold  . . .     Gourm    .     b - +0 leather armour
rNeg   . . .     Faith    .     (shield currently unavailable)
rPois  .         Spirit   .     c - +0 hat
rElec  .         Reflect  .     (no cloak)
rCorr  .         Harm     .     (no gloves)
MR     .....     NoTele   +     (no boots)
Stlth  +.........               (no amulet)
                                (no ring)
                                (no ring)

@: engulfed (cannot breathe)
A: retaliatory headbutt, horns 2
a: no special abilities


You were in the Dungeon.
You were not hungry.

You visited 1 branch You collected 14 gold pieces.

Inventory:

Hand Weapons
 a - a +0 quarterstaff (weapon)
Missiles
 d - 3 throwing nets (quivered)
Armour
 b - a +0 leather armour (worn)
 c - a +0 hat (worn)
Scrolls
 k - a scroll of blinking
 o - a scroll of remove curse
Potions
 e - a potion of curing
 g - a potion of heal wounds
 h - a potion of haste
 i - 2 potions of magic
 j - a potion of berserk rage
 l - 3 potions of mutation
 p - 2 potions of brilliance {unknown}
 q - 4 potions of flight
 u - 2 potions of cure mutation
Comestibles
 f - 3 bread rations
 t - a meat ration


   Skills:
 + Level 3.8 Fighting
 + Level 7.0 Staves
 + Level 3.0 Throwing
 + Level 0.5 Armour
 + Level 6.0 Dodging


You had 2 spell levels left.
You didn't know any spells.

Dungeon Overview and Level Annotations

Branches:
Dungeon (1/1)

Altars:


Innate Abilities, Weirdness & Mutations

You reflexively headbutt those who attack you in melee.
You have a pair of horns on your head.


Message History

There is an open door here.
You enter the shallow water.
Moving in this stuff is going to be slow.
You enter the shallow water.
Moving in this stuff is going to be slow.
Okay, then.
You open the door.
A water elemental comes into view.
The water elemental completely misses you.
There is an open door to the Ecumenical Temple here.
You closely miss the water elemental. You headbutt the water elemental!
The water elemental is moderately damaged.
The water elemental hits you!!
Ouch! That really hurt!
The water elemental engulfs you in water!
You sock the water elemental!
The water elemental is heavily damaged.
Your lungs strain for air!
The water elemental hits you!
You die...

▓▓▓▓▓▓▓▓▓ ▓▓▓
.#.§'...♣♣♣♣ ♣.#
.#§§#......♣ ♣♣.#
'####.....♣♣ ♣..#
....#....≈.♣♣♣♣.###+#+##
....#...≈≈..♣♣♣.#.......
....#..≈≈≈≈..♣..@E⌠.....
###'#..≈≈≈≈≈≈♣..#...####
..†[#.≈≈≈≈≈≈....#.⌠.#
....#.≈≈≈≈≈.....#...#
....#.≈≈≈.......#+###
#####...........#
...†............#
▓▓▓▓▓▓▓▓▓▓▓▓▓▓▓▓▓


You could see a water elemental.

Vanquished Creatures
  Jessica (D)
  A human (D)
  A wolf (D)
  An ooze (D)
  2 rats (D)
6 creatures vanquished.

Vanquished Creatures (others)
  2 draconian scorchers (D)
  6 hellions (D)
  A yaktaur (D)
  3 plants (D)
12 creatures vanquished.

Grand Total: 18 creatures vanquished

Notes
Turn   | Place    | Note
-------+----------+-------------------------------------------
     0 | D        | poirepourri the Minotaur Gladiator began the quest for the Orb.
     0 | D        | Reached XP level 1. HP: 18/18 MP: 0/0
     5 | D        | Reached skill level 4 in Staves
    13 | D        | Noticed Jessica
    17 | D        | Killed Jessica
    17 | D        | Reached skill level 6 in Staves
    17 | D        | Reached skill level 5 in Dodging
    17 | D        | Reached XP level 2. HP: 26/26 MP: 1/1
    17 | D        | Reached XP level 3. HP: 31/31 MP: 2/2
    41 | D        | Killed a yaktaur
    93 | D        | Killed a hellion
    94 | D        | Killed a hellion
   165 | D        | Killed a hellion
   166 | D        | Killed a hellion
   166 | D        | Killed a hellion
   166 | D        | Killed a hellion
   225 | D        | Killed a white draconian scorcher
   248 | D        | Reached skill level 7 in Staves
   302 | D        | Killed a white draconian scorcher
   328 | D        | Noticed a water elemental
   331 | D        | Slain by a water elemental

Vault maps used:
D:        dungeon_sprint_mu

Skill      XL: |  1  2  3 |
---------------+----------+-----
Staves         | 6 7 |  7.0
Dodging        | 5 6 |  6.0
Fighting       | 3 |  3.8
Throwing       | 3 |  3.0
Armour         | |  0.5

Action                   || total
-------------------------++-------
Melee: Quarterstaff      ||    22
       Headbutt          ||     4
  Use: Scroll            ||     6
Armor: Leather armour    ||     2
Dodge: Dodged            ||    17
